Map: Ciężka Artyleria ER

Players

Akuma - Winner!

  • Race: Protoss Protoss
  • Spawn Location: 1:00

kivi - Winner!

  • Race: Terran Terran
  • Spawn Location: 3:00

Kenny

  • Race: Zerg Zerg
  • League: Gold
  • Spawn Location: 7:00

Konista

  • Race: Zerg Zerg
  • League: Silver
  • Spawn Location: 7:00

VOD

Have the link to the VOD?

Description

ahaha

Time

  • Played on: March 19, 2023, 10:03 a.m.
  • Length: 9:14
Show
View Real Time Build Order
Export as new Build Order

Akuma Protoss - Winner!

Build Orders: Oracle Opening, Phoenix Opening 

Get SALT Encoding   

  12  0:00  Probe  
  13  0:12  Probe  
  14  0:19  Pylon  
  14  0:24  Probe  
  15  0:37  Probe (Chrono Boost)  
  15  0:39  Gateway  
  16  0:43  Assimilator  
  16  0:49  Probe (Chrono Boost)  
  17  0:57  Probe (Chrono Boost)  
  17  1:04  Assimilator, Probe  
  19  1:11  Pylon  
  19  1:16  Probe  
  20  1:27  Cybernetics Core  
  20  1:28  Probe (Chrono Boost)  
  21  1:40  Probe (Chrono Boost)  
  22  1:49  Probe (Chrono Boost)  
  23  1:54  Probe  
  23  2:00  Warp Gate (Chrono Boost)  
  24  2:03  Adept  
  24  2:07  Stargate, Probe  
  27  2:19  Probe  
  28  2:28  Pylon  
  28  2:31  Probe  
  29  2:45  Nexus  
  29  2:51  Oracle  
  31  2:56  Probe  
  32  3:02  Sentry  
  34  3:07  Pylon  
  34  3:12  Probe  
  35  3:19  Pylon  
  35  3:24  Probe  
  36  3:28  Phoenix  
  38  3:36  Probe  
  38  3:40  Robotics Facility  
  39  3:47  Sentry  
  41  3:48  Probe  
  42  4:00  Probe  
  43  4:14  Probe x2  
  45  4:26  Probe x2  
  47  4:36  Assimilator  
  47  4:38  Probe x2  
  49  4:39  Observer (Chrono Boost), Pylon  
  49  4:41  Gateway  
  49  4:42  Phoenix  
  49  4:44  Gateway, Twilight Council  
  52  4:46  Gateway  
  52  4:49  Forge  
  52  4:59  Adept  
  54  5:01  Probe x2  
  54  5:04  Assimilator  
  56  5:13  Probe x2  
  58  5:25  Probe x2  
  60  5:41  Probe  
  60  5:42  Probe  
  62  5:43  Sentry x3  
  68  5:53  Probe  
  68  5:54  Probe  
  70  6:01  Nexus  
  70  6:05  Pylon  
  70  6:08  Pylon  
  70  6:13  Blink (Chrono Boost), Protoss Ground Weapons Level 1 (Chrono Boost)  
  70  6:15  Probe x2  
  70  6:17  Adept x3  
  78  6:27  Pylon, Probe x2  
  78  6:28  Pylon  
  78  6:29  Observer  
  78  6:30  Pylon  
  81  6:33  Assimilator  
  81  6:35  Pylon  
  81  6:37  Photon Cannon  
  81  6:39  Photon Cannon, Probe  
  81  6:41  Gateway  
  81  6:48  Gateway  
  81  6:53  Photon Cannon, Probe x2  
  83  7:05  Probe x2  
  85  7:15  Immortal (Chrono Boost), Probe  
  86  7:17  Probe  
  86  7:18  Probe  
  92  7:27  Probe  
  92  7:29  Void Ray, Stalker, Assimilator  
  99  7:34  Pylon  
  99  7:35  Adept, Pylon  
  99  7:36  Adept  
  99  7:37  Sentry x2  
  107  7:47  Warp Prism  
  105  8:04  Stalker x6  
  104  8:32  Stalker x2  
  104  8:33  Stalker x3  
  93  8:53  Adept  
  93  8:55  Adept x2  
  93  8:56  Adept x3  
  101  9:05  Gateway x2  
  101  9:09  Nexus  
  104  9:11  Gateway x2, Assimilator  
  104  9:12  Pylon  
  104  9:14  Assimilator  
Show
View Real Time Build Order
Export as new Build Order

kivi Terran - Winner!

Build Orders: Reaper Expand 

Get SALT Encoding   

  12  0:00  SCV  
  13  0:12  SCV  
  14  0:17  Supply Depot  
  14  0:24  SCV  
  15  0:39  Barracks, SCV  
  16  0:43  Refinery  
  16  0:51  SCV  
  17  1:04  SCV  
  18  1:16  SCV  
  19  1:26  Reaper  
  19  1:28  Orbital Command  
  20  1:38  Command Center  
  20  1:53  Supply Depot  
  20  1:57  SCV  
  21  2:05  Marine  
  22  2:09  SCV  
  23  2:21  Factory, SCV  
  24  2:23  Refinery  
  24  2:25  Barracks Reactor  
  24  2:33  SCV  
  25  2:47  SCV  
  26  2:57  Orbital Command  
  26  2:59  SCV  
  26  3:04  Marine x2  
  29  3:06  Starport  
  29  3:07  Factory Tech Lab  
  29  3:11  SCV  
  30  3:21  Refinery  
  30  3:22  Marine  
  30  3:23  SCV  
  32  3:28  Siege Tank  
  32  3:32  SCV  
  32  3:33  Supply Depot  
  36  3:35  SCV  
  37  3:44  SCV  
  38  3:49  Marine, SCV  
  38  3:51  Marine  
  38  3:52  Command Center, Starport Tech Lab  
  41  4:01  SCV  
  42  4:09  Siege Tank, Marine  
  46  4:12  SCV  
  46  4:15  SCV  
  47  4:17  Refinery  
  47  4:18  Supply Depot  
  47  4:19  Engineering Bay  
  47  4:22  Cloaking Field  
  47  4:32  Marine  
  47  4:33  Banshee  
  47  4:34  SCV x2  
  53  4:43  Barracks  
  53  4:48  Terran Infantry Weapons Level 1, Missile Turret  
  53  4:51  Missile Turret  
  53  4:52  Marine  
  53  4:57  Siege Tank  
  57  5:05  Orbital Command  
  57  5:06  SCV  
  59  5:07  SCV  
  59  5:12  Missile Turret  
  59  5:21  Banshee  
  59  5:26  Marine x2  
  64  5:31  Barracks Tech Lab  
  64  5:35  SCV  
  64  5:36  Barracks  
  64  5:38  Orbital Command, Siege Tank, SCV  
  69  5:48  SCV  
  70  5:50  SCV  
  70  5:51  Stimpack  
  71  6:00  Engineering Bay, SCV, Supply Depot  
  71  6:01  Supply Depot  
  71  6:02  Marine x3  
  75  6:19  Starport Reactor  
  75  6:27  Siege Tank  
  75  6:29  Marine x3  
  75  6:30  SCV x2  
  83  6:36  SCV  
  84  6:42  SCV  
  84  6:43  SCV  
  84  6:44  Combat Shield, Marine  
  87  6:47  Marine x2  
  87  6:48  SCV  
  87  6:53  Missile Turret  
  90  6:55  SCV x2  
  90  6:56  Terran Infantry Armor Level 1  
  90  6:58  Missile Turret  
  92  7:01  Missile Turret, Marine, Supply Depot x2  
  92  7:02  Missile Turret  
  92  7:03  Armory  
  93  7:11  Medivac  
  93  7:12  SCV  
  93  7:23  Marine, SCV, Medivac  
  97  7:31  SCV  
  95  7:48  Marine x2  
  95  7:49  Command Center, Marauder  
  85  8:06  Barracks x2, Marine x2  
  85  8:10  Marauder  
  85  8:18  Marine  
  88  8:20  Siege Tank, Medivac  
  88  8:24  Marine x2  
  92  8:27  SCV x2  
  92  8:31  Marine  
  95  8:36  Marine  
  96  8:42  Marine x2  
  98  8:49  Marine  
  98  8:53  Marine  
  98  8:56  Barracks Reactor  
  98  8:57  SCV x2  
  98  8:59  Refinery, Barracks Reactor  
  98  9:00  Refinery  
Show
View Real Time Build Order
Export as new Build Order

Kenny Zerg 

Build Orders: Hatch First 

Get SALT Encoding   

  12  0:01  Drone  
  13  0:08  Drone  
  14  0:15  Extractor  
  14  0:16  Drone  
  15  0:22  Overlord  
  15  0:41  Drone x2  
  17  0:55  Hatchery  
  16  0:59  Drone  
  17  1:09  Spawning Pool  
  17  1:11  Drone  
  17  1:15  Extractor  
  17  1:16  Drone  
  17  1:20  Drone  
  18  1:28  Drone  
  19  1:38  Overlord  
  19  1:48  Drone  
  20  1:55  Queen  
  22  2:01  Overlord  
  22  2:12  Drone x2  
  22  2:13  Queen  
  26  2:18  Drone  
  27  2:25  Drone  
  28  2:33  Drone  
  28  2:34  Queen, Drone  
  32  2:38  Spine Crawler  
  32  2:45  Drone x2  
  34  2:53  Drone x2  
  36  3:02  Drone  
  37  3:06  Drone x2  
  37  3:07  Drone x2  
  37  3:12  Drone  
  42  3:15  Lair  
  42  3:18  Drone  
  42  3:19  Extractor  
  42  3:21  Extractor  
  42  3:22  Queen  
  42  3:23  Extractor  
  42  3:25  Overlord  
  42  3:26  Drone  
  43  3:27  Drone  
  44  3:35  Spore Crawler  
  44  3:40  Spore Crawler  
  42  3:42  Drone x2  
  42  3:46  Overlord  
  42  3:48  Drone x4  
  48  3:59  Overlord  
  48  4:04  Drone, Overlord  
  47  4:15  Drone  
  47  4:16  Drone  
  48  4:22  Spire  
  47  4:34  Drone x6  
  47  4:35  Drone x2  
  47  4:36  Drone  
  47  4:37  Drone  
  57  4:43  Drone  
  58  4:54  Drone x4  
  62  5:00  Hatchery  
  62  5:04  Drone x3  
  62  5:05  Drone  
  65  5:11  Drone  
  66  5:18  Overlord  
  66  5:19  Overlord  
  66  5:30  Drone x2  
  68  5:45  Extractor  
  68  5:46  Spore Crawler  
  68  5:49  Extractor  
  65  5:51  Queen  
  67  5:58  Corruptor  
  67  5:59  Corruptor x3  
  67  6:00  Overlord  
  67  6:02  Overlord  
  75  6:06  Infestation Pit  
  75  6:09  Evolution Chamber  
  73  6:13  Evolution Chamber  
  70  6:21  Overseer  
  66  6:39  Drone  
  68  6:40  Drone x4  
  68  6:41  Drone  
  68  6:43  Drone  
  72  6:56  Overlord x2  
  72  6:59  Drone x3  
  72  7:00  Drone  
  76  7:16  Drone x3  
  76  7:17  Drone x2  
  76  7:20  Overlord x2  
  81  7:37  Hive  
  81  8:04  Zergling x2  
  81  8:05  Zergling x30  
  97  8:14  Corruptor  
  97  8:15  Corruptor x2  
  103  8:23  Zergling x8  
  107  8:33  Zergling x6  
  98  8:45  Extractor  
Show
View Real Time Build Order
Export as new Build Order

Konista Zerg 

Build Orders: Hatch First 

Get SALT Encoding   

  12  0:00  Drone  
  13  0:08  Drone  
  14  0:18  Overlord  
  14  0:23  Extractor  
  14  0:24  Drone  
  15  0:37  Drone x2  
  17  0:44  Drone  
  18  0:58  Extractor, Hatchery  
  18  1:01  Drone  
  17  1:16  Drone  
  18  1:20  Spawning Pool  
  18  1:21  Drone  
  18  1:29  Drone  
  19  1:46  Overlord  
  19  1:48  Drone  
  20  2:07  Zergling x2  
  20  2:12  Zergling x4  
  20  2:14  Queen x2  
  26  2:20  Metabolic Boost  
  26  2:33  Drone x3  
  26  2:34  Drone  
  29  2:55  Spore Crawler, Drone x4  
  32  3:04  Overlord  
  32  3:05  Drone  
  33  3:10  Spore Crawler  
  32  3:14  Lair  
  32  3:16  Extractor  
  32  3:18  Drone x2  
  33  3:31  Baneling Nest  
  32  3:47  Queen  
  34  3:50  Overlord  
  34  3:51  Drone x2  
  34  3:52  Drone x4  
  40  4:03  Drone  
  40  4:05  Drone, Overlord  
  40  4:06  Drone  
  43  4:23  Queen  
  44  4:28  Drone x2  
  44  4:29  Spire, Drone  
  46  4:32  Extractor  
  46  4:35  Extractor  
  44  4:43  Overlord  
  45  4:45  Drone x2  
  45  4:46  Drone x2  
  48  4:55  Centrifugal Hooks  
  48  4:58  Overlord  
  48  4:59  Drone x3  
  51  5:13  Overlord  
  51  5:15  Zergling x8  
  51  5:20  Evolution Chamber  
  54  5:21  Evolution Chamber  
  54  5:24  Drone x2  
  55  5:39  Overlord  
  55  5:41  Mutalisk  
  55  5:42  Mutalisk x4  
  65  5:57  Overlord  
  65  6:11  Mutalisk, Overlord  
  65  6:12  Mutalisk x2  
  71  6:19  Zerg Melee Weapons Level 1  
  71  6:20  Overlord x2  
  71  6:21  Drone x2  
  71  6:22  Drone  
  74  6:40  Hatchery  
  74  6:45  Overseer x2  
  73  7:17  Pneumatized Carapace  
  73  7:22  Zergling x2  
  74  7:23  Zergling x16  
  82  7:31  Baneling  
  82  7:32  Baneling x12  
  82  7:34  Overlord  
  82  7:35  Zergling x2  
  83  7:46  Zergling x2  
  67  7:59  Mutalisk x3  
  67  8:05  Zergling x2  
  65  8:11  Zergling x2  
  64  8:15  Mutalisk  
  64  8:16  Mutalisk  
  64  8:18  Zergling x6  
  66  8:21  Zergling x2  
  66  8:23  Zergling x4  
  66  8:24  Zergling x6  
  72  8:28  Baneling x2  
  72  8:30  Zergling x2  
  68  8:42  Mutalisk  
  68  8:43  Mutalisk  
  62  8:53  Zergling x14  
Tags
 
Add a new tag
Caveats
  • Supply blocks, unpowered buildings, or Contaminate may cause inaccurate times.
  • Supply counts are checked every 10 seconds.